 Dungeon Crawl Stone Soup version 0.29.0-4-gdea44cf6ec (webtiles) character file.

Game seed: 9662890307472569052

2 qw the Sneak (level 1, -5/14 HPs)
             Began as a Gargoyle Delver on Sept 10, 2022.
             Slain by an orc
             ... wielding a +0 whip
              (6 damage)
             ... on level 5 of the Dungeon.
             The game lasted 00:00:04 (64 turns).

qw the Sneak (Gargoyle Delver)                        Turns: 64, Time: 00:00:05

Health: -5/14      AC:  5    Str: 15    XL:     1   Next: 30%
Magic:  1/1        EV: 11    Int: 10    God:
Gold:   0          SH:  0    Dex: 11    Spells: 0/0 levels left

rFire   . . .      SeeInvis .   a - +0 hand axe
rCold   . . .      Faith    .   (no shield)
rNeg    + . .      Spirit   .   b - +0 leather armour
rPois   inf        Reflect  .   (no helmet)
rElec   +          Harm     .   (no cloak)
rCorr   .          Rampage  .   (no gloves)
Will    .....                   (no boots)
Stlth   +.........              (no amulet)
HPRegen 0.04/turn               (no ring)
MPRegen 0.07/turn               (no ring)

@: confused
A: sickness immunity, AC +2, negative energy resistance 1, electricity
resistance, torment resistance 1, petrification resistance
a: no special abilities


You were on level 5 of the Dungeon.
You visited 1 branch of the dungeon, and saw 1 of its levels.


Innate Abilities, Weirdness & Mutations

You are immune to sickness and miasma.
Your stone body is resilient. (AC +2)
You are immune to poison.
You resist negative energy. (rN+)
You are resistant to electric shocks. (rElec)
You are resistant to unholy torment.
You are immune to petrification.


   Skills:
 - Level 3.2 Fighting
 + Level 2.0 Axes
 - Level 1.5 Dodging
 - Level 5.4 Stealth


You couldn't memorise any spells.
You didn't know any spells.
Your spell library was empty.

Inventory:

Hand Weapons
 a - a +0 hand axe (weapon)
Armour
 b - a +0 leather armour (worn)
Wands
 g - a wand of digging (3)
Potions
 f - a potion of haste

Dungeon Overview and Level Annotations

Branches:
Dungeon (5/15)             Temple (0/1) D:5

Altars:


Message History

You're too confused to move!
The orc wizard hits you with a +0 dagger.
You hear a shout!
You miss the orc wizard.
The orc wizard is moderately wounded.
You completely miss something.
You hear a shout!
Something hits you but does no damage. The orc wizard closely misses you.
You miss the orc wizard.
The orc wizard is moderately wounded.
You completely miss something. Something hits you but does no damage.
The orc wizard hits you but does no damage.
The orc hits you but does no damage.
You miss the orc wizard.
The orc wizard is moderately wounded.
You miss something. You hit the orc but do no damage.
The orc hits you with a +0 whip!
Ouch! That really hurt!
Something hits you. The orc wizard completely misses you.
The orc completely misses you.
You hit the orc wizard.
The orc wizard is heavily wounded.
You completely miss something. You hit the orc but do no damage.
Something hits you but does no damage. The orc wizard barely misses you.
The orc barely misses you.
You closely miss the orc wizard.
The orc wizard is heavily wounded.
You barely miss something. You hit the orc. The orc closely misses you.
Something hits you.
The orc wizard hits you but does no damage.
The orc hits you but does no damage. Something hits you.
The orc wizard hits you but does no damage.
You miss the orc wizard.
The orc wizard is heavily wounded.
You hit something. You miss the orc. The orc barely misses you.
An ufetubus comes into view.
The orc hits you with a +0 whip.
You die...

#...#...#
#.#####.#
#...#...#
###.#.>## #....#
#####.####
###........####
#...o?..........
#..##@...#...##.
#...{o##.#......
.!..##o......##.#.
.. .5.#..##... #
.# .##. ... .#..
.. .. ..## # # .
.#. #.. .#. .>.


You could see an orc wizard, 2 orcs and an ufetubus.

Vanquished Creatures
  An orc (D:5)
1 creature vanquished.

Notes
Turn   | Place    | Note
-------+----------+-------------------------------------------
     0 | D:5      | qw the Gargoyle Delver began the quest for the Orb.
     0 | D:5      | Reached XP level 1. HP: 14/14 MP: 1/1
     0 | D:5      | 0 ||| qw: Version: 0.1-a-116-g5d60599
     0 | D:5      | 0 ||| qw: Game counter: 8144
     0 | D:5      | 0 ||| qw: Always use a shield: true
     0 | D:5      | 0 ||| qw: God list: Okawaru
     0 | D:5      | 0 ||| qw: Allow faded altars: false
     0 | D:5      | 0 ||| qw: Do Orc after D:15 true
     0 | D:5      | 0 ||| qw: Do second Lair branch before Depths: true
     0 | D:5      | 0 ||| qw: Lair rune preference: random
     0 | D:5      | 0 ||| qw: Plans: Normal
     0 | D:5      | 0 ||| PLANNING D:1-11
    24 | D:5      | Found a staircase to the Ecumenical Temple.
    25 | D:5      | 25 ||| PLANNING TEMPLE
    27 | D:5      | Noticed an orc wizard
    28 | D:5      | 28 ||| Stepping ~*~*~tactically~*~*~ (stealth).
    29 | D:5      | 29 ||| DROPPING scroll of fog.
    37 | D:5      | 37 ||| Stepping ~*~*~tactically~*~*~ (stealth).
    37 | D:5      | Noticed an orc wizard
    38 | D:5      | 38 ||| Stepping ~*~*~tactically~*~*~ (stealth).
    39 | D:5      | 39 ||| DROPPING scroll of magic mapping.
    40 | D:5      | 40 ||| DROPPING scroll of fear.
    42 | D:5      | 42 ||| Stepping ~*~*~tactically~*~*~ (stealth).
    44 | D:5      | 44 ||| Stepping ~*~*~tactically~*~*~ (stealth).
    46 | D:5      | 46 ||| Stepping ~*~*~tactically~*~*~ (stealth).
    48 | D:5      | 48 ||| Stepping ~*~*~tactically~*~*~ (stealth).
    49 | D:5      | 49 ||| Stepping ~*~*~tactically~*~*~ (stealth).
    51 | D:5      | 51 ||| Stepping ~*~*~tactically~*~*~ (stealth).
    61 | D:5      | HP: 3/14 [something (1)]
    63 | D:5      | HP: 1/14 [something (1)]
    64 | D:5      | Slain by an orc

Levels and vault maps discovered:
D:5:      layout_loops_cross, minmay_temple_entry_ruins

Skill      XL: |  1 |
---------------+----+-----
Axes           | 2 |  2.0
Fighting       | |  3.2
Dodging        | |  1.5
Stealth        | |  5.4

Action                   || total
-------------------------++-------
Melee: Hand axe          ||    16
Armor: Leather armour    ||    11
Dodge: Dodged            ||    15

Table legend:
 A = Non-vault XP
 B = Vault XP
 C = Vault XP percentage of total XP
 D = Non-vault monster count
 E = Vault monster count
 F = Vault count percentage of total count
                 A         B        C        D         E       F
            +---------+---------+-------+---------+---------+-------
      Total |       3 |       0 |   0.0 |       1 |       0 |   0.0
            +---------+---------+-------+---------+---------+-------
        D:5 |       3 |       0 |   0.0 |       1 |       0 |   0.0
            +---------+---------+-------+---------+---------+-------
